TOP OF THE 1ST |
Seattle Pikes batting - Pitching for Greenville 84s : RHP Hiroshige Yamada
|
Pitching: RHP Hiroshige Yamada
|
|
Batting: RHB Tae-kwon Kwon
|
0-0: Called Strike 0-1: Foul Ball, location: 2F 0-2: Strikes out swinging
|
Batting: RHB Arnold Harmon
|
0-0: Ball 1-0: Ball 2-0: Called Strike 2-1: Foul Ball, location: 2F 2-2: Strikes out looking
|
Batting: SHB António Hernández
|
0-0: Called Strike 0-1: Ball 1-1: Ball 2-1: Called Strike 2-2: Strikes out looking
|
Top of the 1st over - 0 run(s), 0 hit(s), 0 error(s), 0 left on base; Seattle 0 - Greenville 0 |
BOTTOM OF THE 1ST |
Greenville 84s batting - Pitching for Seattle Pikes : LHP David Hill
|
Pitching: LHP David Hill
|
|
Batting: RHB Carlos Torres
|
0-0: Ball 1-0: Fly out, F6 (Popup, 5D)
|
Batting: LHB Chris Moore
|
0-0: Ball 1-0: Foul Ball, location: 2F 1-1: Foul Ball, location: 2F 1-2: Ground out 4-3 (Groundball, 4S)
|
Batting: RHB Enzo Díaz
|
0-0: Called Strike 0-1: Ball 1-1: Ball 2-1: Ball 3-1: Called Strike 3-2: Base on Balls
|
Batting: LHB Brock Larsen
|
0-0: Called Strike 0-1: Ball 1-1: Foul Ball, location: 2F 1-2: Foul Ball, location: 2F 1-2: Strikes out looking
|
Bottom of the 1st over - 0 run(s), 0 hit(s), 0 error(s), 1 left on base; Seattle 0 - Greenville 0 |
TOP OF THE 2ND |
Seattle Pikes batting - Pitching for Greenville 84s : RHP Hiroshige Yamada
|
Batting: RHB Iván Gonzáles
|
0-0: Called Strike 0-1: Swinging Strike 0-2: Ball 1-2: Strikes out looking
|
Batting: LHB Don Soper
|
0-0: Fly out, F7 (Flyball, 7LSF)
|
Batting: LHB Roberto Lozano
|
0-0: Ball 1-0: Ball 2-0: Ball 3-0: Called Strike 3-1: Foul Ball, location: 2F 3-2: Foul Ball, location: 2F 3-2: Strikes out swinging
|
Top of the 2nd over - 0 run(s), 0 hit(s), 0 error(s), 0 left on base; Seattle 0 - Greenville 0 |
BOTTOM OF THE 2ND |
Greenville 84s batting - Pitching for Seattle Pikes : LHP David Hill
|
Batting: LHB Paco Rosas
|
0-0: Foul Ball, location: 2F 0-1: Ball 1-1: Ball 2-1: Called Strike 2-2: SINGLE (Groundball, 4MD)
|
Batting: LHB Jimmy Vickers
|
0-0: Fly out, F8 (Flyball, 8RM)
|
Batting: LHB José Costa
|
0-0: Ball 1-0: SINGLE (Line Drive, 6) Paco Rosas to second
|
Batting: LHB George Wood
|
0-0: Grounds into double play, 6-4-3 (Groundball, 6)
|
Bottom of the 2nd over - 0 run(s), 2 hit(s), 0 error(s), 1 left on base; Seattle 0 - Greenville 0 |
TOP OF THE 3RD |
Seattle Pikes batting - Pitching for Greenville 84s : RHP Hiroshige Yamada
|
Batting: LHB Brandon Cummings
|
0-0: Ball 1-0: SOLO HOME RUN (Flyball, 9D), Distance : 400 ft
|
Batting: LHB Jesús Núñez
|
0-0: Ball 1-0: Called Strike 1-1: DOUBLE (Flyball, 9LM)
|
Batting: RHB António Ortega
|
0-0: Foul Ball, location: 2F 0-1: Ball 1-1: Foul Ball, location: 2F 1-2: Fly out, F8 (Flyball, 8RD) Runner from 2nd tags up, SAFE at 3rd, no throw
|
Batting: RHB Tae-kwon Kwon
|
0-0: Fly out, F8 (Flyball, 8RM) Runner from 3rd tags up, SCORES, throw made
|
Batting: RHB Arnold Harmon
|
0-0: Called Strike 0-1: Foul Ball, location: 2F 0-2: Ball 1-2: Ball 2-2: Ground out U3 (Groundball, 2R)
|
Top of the 3rd over - 2 run(s), 2 hit(s), 0 error(s), 0 left on base; Seattle 2 - Greenville 0 |
BOTTOM OF THE 3RD |
Greenville 84s batting - Pitching for Seattle Pikes : LHP David Hill
|
Batting: LHB Mario Cornelo
|
0-0: Ball 1-0: SINGLE (Groundball, 56S) (infield hit)
|
Batting: RHB Carlos Torres
|
0-0: Ball 1-0: Called Strike Mario Cornelo is caught stealing 2nd base 1-1: Called Strike 1-2: Ball 2-2: Strikes out looking
|
Batting: LHB Chris Moore
|
0-0: Ball 1-0: Swinging Strike 1-1: Ball 2-1: Swinging Strike 2-2: Ball 3-2: Foul Ball, location: 2F 3-2: Base on Balls
|
Batting: RHB Enzo Díaz
|
0-0: Fly out, F8 (Flyball, 8RM)
|
Bottom of the 3rd over - 0 run(s), 1 hit(s), 0 error(s), 1 left on base; Seattle 2 - Greenville 0 |
TOP OF THE 4TH |
Seattle Pikes batting - Pitching for Greenville 84s : RHP Hiroshige Yamada
|
Batting: SHB António Hernández
|
0-0: Foul Ball, location: 2F 0-1: Foul Ball, location: 2F 0-2: Foul Ball, location: 2F 0-2: Foul Ball, location: 2F 0-2: Strikes out swinging
|
Batting: RHB Iván Gonzáles
|
0-0: Foul Ball, location: 2F 0-1: Ball 1-1: Ball 2-1: Foul Ball, location: 2F 2-2: Foul Ball, location: 2F 2-2: Fly out, F9 (Line Drive, 89S)
|
Batting: LHB Don Soper
|
0-0: Ball 1-0: Ball 2-0: Called Strike 2-1: Ball 3-1: Swinging Strike 3-2: Base on Balls
|
Batting: LHB Roberto Lozano
|
0-0: Ground out 4-3 (Groundball, 34D)
|
Top of the 4th over - 0 run(s), 0 hit(s), 0 error(s), 1 left on base; Seattle 2 - Greenville 0 |
BOTTOM OF THE 4TH |
Greenville 84s batting - Pitching for Seattle Pikes : LHP David Hill
|
Batting: LHB Brock Larsen
|
0-0: Ball 1-0: Ground out 1-3 (Groundball, P)
|
Batting: LHB Paco Rosas
|
0-0: Called Strike 0-1: Foul Ball, location: 2F 0-2: Ball 1-2: Ball 2-2: Foul Ball, location: 2F 2-2: Ball 3-2: Ground out 4-3 (Groundball, 4)
|
Batting: LHB Jimmy Vickers
|
0-0: Ball 1-0: Ball 2-0: Called Strike 2-1: Ball 3-1: Foul Ball, location: 2F 3-2: Strikes out looking
|
Bottom of the 4th over - 0 run(s), 0 hit(s), 0 error(s), 0 left on base; Seattle 2 - Greenville 0 |
TOP OF THE 5TH |
Seattle Pikes batting - Pitching for Greenville 84s : RHP Hiroshige Yamada
|
Pitching: RHP Tim Hill
|
|
Batting: LHB Brandon Cummings
|
0-0: Ball 1-0: SOLO HOME RUN (Flyball, 9D), Distance : 391 ft
|
Batting: LHB Jesús Núñez
|
0-0: Ball 1-0: Ground out 4-3 (Groundball, 4)
|
Batting: RHB António Ortega
|
0-0: Swinging Strike 0-1: Ball 1-1: Ball 2-1: Ball 3-1: Base on Balls
|
Batting: RHB Tae-kwon Kwon
|
0-0: Ball 1-0: Called Strike 1-1: Called Strike 1-2: Foul Ball, location: 2F 1-2: Foul Ball, location: 2F 1-2: Foul Ball, location: 2F 1-2: Ball 2-2: Ball 3-2: Foul Ball, location: 2F 3-2: Foul Ball, location: 2F 3-2: Foul Ball, location: 2F 3-2: Foul Ball, location: 2F 3-2: Base on Balls António Ortega to second
|
Batting: RHB Arnold Harmon
|
0-0: Called Strike 0-1: Foul Ball, location: 2F 0-2: Ball 1-2: Grounds into double play, 4-6-3 (Groundball, 34)
|
Top of the 5th over - 1 run(s), 1 hit(s), 0 error(s), 1 left on base; Seattle 3 - Greenville 0 |
BOTTOM OF THE 5TH |
Greenville 84s batting - Pitching for Seattle Pikes : LHP David Hill
|
Pitching: RHP Tony Henderson
|
|
Batting: LHB José Costa
|
0-0: Called Strike 0-1: Foul Ball, location: 2F 0-2: SOLO HOME RUN (Flyball, 78XD), Distance : 439 ft
|
Batting: LHB George Wood
|
0-0: Ball 1-0: Called Strike 1-1: Ball 2-1: Foul Ball, location: 2F 2-2: Ground out 6-3 (Groundball, 6)
|
Batting: LHB Mario Cornelo
|
0-0: Called Strike 0-1: Ball 1-1: Swinging Strike 1-2: Foul Ball, location: 2F 1-2: Strikes out looking
|
Batting: RHB Carlos Torres
|
0-0: Called Strike 0-1: Ground out 6-3 (Groundball, 6)
|
Bottom of the 5th over - 1 run(s), 1 hit(s), 0 error(s), 0 left on base; Seattle 3 - Greenville 1 |
TOP OF THE 6TH |
Seattle Pikes batting - Pitching for Greenville 84s : RHP Tim Hill
|
Batting: SHB António Hernández
|
0-0: Fly out, F8 (Flyball, 8LD)
|
Batting: RHB Iván Gonzáles
|
0-0: Called Strike 0-1: Called Strike 0-2: Strikes out swinging
|
Batting: LHB Don Soper
|
0-0: Ball 1-0: Called Strike 1-1: Foul Ball, location: 2F 1-2: Ball 2-2: Ground out 5-3 (Groundball, 56)
|
Top of the 6th over - 0 run(s), 0 hit(s), 0 error(s), 0 left on base; Seattle 3 - Greenville 1 |
BOTTOM OF THE 6TH |
Greenville 84s batting - Pitching for Seattle Pikes : RHP Tony Henderson
|
Batting: LHB Chris Moore
|
0-0: Foul Ball, location: 2F 0-1: Ball 1-1: Ball 2-1: Ball 3-1: Base on Balls
|
Batting: RHB Enzo Díaz
|
0-0: Ball 1-0: Called Strike 1-1: Ball 2-1: SINGLE (Flyball, 9S) Chris Moore to second
|
Batting: LHB Brock Larsen
|
0-0: Called Strike 0-1: Ball 1-1: 3-RUN HOME RUN (Flyball, 9D), Distance : 387 ft
|
Pitching: RHP José Salinas
|
|
Batting: LHB Paco Rosas
|
0-0: Called Strike 0-1: Foul Ball, location: 2F 0-2: Foul Ball, location: 2F 0-2: Ball 1-2: DOUBLE (Line Drive, 8RXD)
|
Batting: LHB Jimmy Vickers
|
0-0: Ball 1-0: Foul Ball, location: 2F 1-1: Ball 2-1: Ball 3-1: Called Strike 3-2: Base on Balls
|
Batting: LHB José Costa
|
0-0: Ball 1-0: Fly out, F6 (Popup, 6D)
|
Batting: LHB George Wood
|
0-0: Ball 1-0: Swinging Strike 1-1: Fielders Choice at 2nd, 4-6 (Groundball, 34) Paco Rosas to third
|
Batting: LHB Mario Cornelo
|
0-0: Foul Ball, location: 2F 0-1: Ball 1-1: Called Strike 1-2: Strikes out swinging
|
Bottom of the 6th over - 3 run(s), 3 hit(s), 0 error(s), 2 left on base; Seattle 3 - Greenville 4 |
TOP OF THE 7TH |
Seattle Pikes batting - Pitching for Greenville 84s : RHP Tim Hill
|
Pitching: LHP Manuel Herrera
|
|
Batting: LHB Roberto Lozano
|
0-0: Ball 1-0: Fly out, F8 (Flyball, 78D)
|
Batting: LHB Brandon Cummings
|
0-0: Ball 1-0: Ball 2-0: Called Strike 2-1: Ball 3-1: Foul Ball, location: 2F 3-2: Base on Balls
|
Pitching: RHP Dave Johnston
|
|
Pinch Runner at 1st Henning Huisman:
|
|
Pinch Hitting: LHB Richard Hunter
|
0-0: Ball Henning Huisman steals 2nd base 1-0: Called Strike 1-1: Swinging Strike 1-2: Ball 2-2: Strikes out swinging
|
Batting: RHB António Ortega
|
0-0: Ball 1-0: Ball 2-0: Called Strike 2-1: Fly out, F7 (Flyball, 7)
|
Top of the 7th over - 0 run(s), 0 hit(s), 0 error(s), 1 left on base; Seattle 3 - Greenville 4 |
BOTTOM OF THE 7TH |
Greenville 84s batting - Pitching for Seattle Pikes : RHP José Salinas
|
Now in CF: Henning Huisman
|
|
Now in RF: Richard Hunter
|
|
Batting: RHB Carlos Torres
|
0-0: Swinging Strike 0-1: SINGLE (Groundball, 34D)
|
Pitching: LHP Jerry Beck
|
|
Batting: LHB Chris Moore
|
0-0: Sac Bunt - play at first, batter OUT! 1-4 Carlos Torres to second
|
Batting: RHB Enzo Díaz
|
0-0: Called Strike 0-1: Ball 1-1: Reached on error, E6 (Groundball, 6) Carlos Torres to third
|
Pinch Hitting: RHB Vic Langlois
|
0-0: Ball 1-0: Ball 2-0: Swinging Strike 2-1: Ball 3-1: Foul Ball, location: 2F 3-2: Foul Ball, location: 2F 3-2: Base on Balls Enzo Díaz to second
|
Batting: LHB Paco Rosas
|
0-0: Ball 1-0: Foul Ball, location: 2F 1-1: Ball 2-1: Swinging Strike 2-2: Ball 3-2: Base on Balls Carlos Torres scores Enzo Díaz to third Vic Langlois to second
|
Batting: LHB Jimmy Vickers
|
0-0: Grounds into double play, 5-2-3 (Groundball, 56S)
|
Bottom of the 7th over - 1 run(s), 1 hit(s), 1 error(s), 2 left on base; Seattle 3 - Greenville 5 |
TOP OF THE 8TH |
Seattle Pikes batting - Pitching for Greenville 84s : RHP Dave Johnston
|
Now at SS: Vic Langlois
|
|
Batting: RHB Tae-kwon Kwon
|
0-0: Swinging Strike 0-1: Ball 1-1: Ground out 5-3 (Groundball, 25)
|
Pinch Hitting: RHB Randy Sheppard
|
0-0: Ball 1-0: Ball 2-0: Ball 3-0: Called Strike 3-1: Fly out, F8 (Line Drive, 8LS)
|
Pinch Hitting: RHB Manuel Rico
|
0-0: Called Strike 0-1: Ground out 5-3 (Groundball, 5)
|
Top of the 8th over - 0 run(s), 0 hit(s), 0 error(s), 0 left on base; Seattle 3 - Greenville 5 |
BOTTOM OF THE 8TH |
Greenville 84s batting - Pitching for Seattle Pikes : LHP Jerry Beck
|
Now at 1B: Alberto Pérez
|
|
Now at 2B: Roberto Zamora
|
|
Pinch Hitting: RHB Cristo García
|
0-0: Ball 1-0: Called Strike 1-1: Ball 2-1: Fly out, F6 (Popup, 6M)
|
Batting: SHB Gilberto Guzmán
|
0-0: Ball 1-0: Swinging Strike 1-1: Ball 2-1: Foul Ball, location: 2F 2-2: Ball 3-2: Fly out, F3 (Flyball, 3D)
|
Pitching: RHP Larry Jenkins
|
|
Pinch Hitting: LHB Robert Moore
|
0-0: Ball 1-0: Foul Ball, location: 2F 1-1: Fly out, F3 (Popup, 34S)
|
Bottom of the 8th over - 0 run(s), 0 hit(s), 0 error(s), 0 left on base; Seattle 3 - Greenville 5 |
TOP OF THE 9TH |
Seattle Pikes batting - Pitching for Greenville 84s : RHP Dave Johnston
|
Pitching: LHP Francisco Ríos
|
|
Now at 3B: Cristo García
|
|
Now in RF: Robert Moore
|
|
Pinch Hitting: RHB Wallace Greene
|
0-0: Foul Ball, location: 2F 0-1: Swinging Strike 0-2: Strikes out looking
|
Pinch Hitting: RHB Murai Ishihara
|
0-0: Ball 1-0: Called Strike 1-1: Called Strike 1-2: Foul Ball, location: 2F 1-2: Fly out, F9 (Flyball, 9LM)
|
Pinch Hitting: RHB Pete Rideout
|
0-0: Called Strike 0-1: Ball 1-1: Ground out 5-3 (Groundball, 5L)
|
Top of the 9th over - 0 run(s), 0 hit(s), 0 error(s), 0 left on base; Seattle 3 - Greenville 5 |
|